[Event "Early-Titled-Tuesday-Blitz-October-03-2023"]
[Site "Chess.com"]
[Date "2023.10.03"]
[Round "3"]
[White "WindWhistler11"]
[Black "IwkooO"]
[Result "0-1"]
[WhiteElo "2461"]
[BlackElo "2653"]
[TimeControl "180+1"]
[EndTime "8:26:43 PDT"]
[Termination "IwkooO won by resignation"]

1. Nf3 b6 2. c4 Bb7 3. e3 g6 4. b3 Bg7 5. d4 f5 6. Bb2 e6 7. Bd3 Nf6 8. Nc3 O-O 9. Ne2 d6 10. Nf4 Qe7 11. d5 e5 12. Ne6 e4 13. Nxg7 Qxg7 14. Ng5 exd3 15. Ne6 Qe7 16. Qxd3 Rf7 17. Qc3 Nbd7 18. h3 Nc5 19. Ng5 Nce4 20. Nxe4 Qxe4 21.
O-O-O Re8 22. g4 fxg4 23. hxg4 Qxg4 24. Rdg1 Qf5 25. f4 Qe4 26. Rh3 Bc8 27. Rhg3 Bf5 28. Rg5 Qb1+ 29. Kd2 Ne4+ 0-1

[Event "Early-Titled-Tuesday-Blitz-October-03-2023"]
[Site "Chess.com"]
[Date "2023.10.03"]
[Round "3"]
[White "Journey_to_GrandMaster_YT"]
[Black "Al_Shima"]
[Result "1-0"]
[WhiteElo "2554"]
[BlackElo "2347"]
[TimeControl "180+1"]
[EndTime "8:26:43 PDT"]
[Termination "Journey_to_GrandMaster_YT won by resignation"]

1. d4 Nf6 2. Nf3 e6 3. c4 b6 4. e3 Bb7 5. Bd3 c5 6. O-O cxd4 7. exd4 d5 8. cxd5 Nxd5 9. Bb5+ Bc6 10. Qa4 Bxb5 11. Qxb5+ Qd7 12. Qb3 Nc6 13. Ne5 Nxe5 14. dxe5 Bc5 15. Rd1 Qc6 16. Nc3 Nxc3 17. Qxc3 Rc8 18.
Qg3 Rg8 19. Bg5 Be7 20. Bxe7 Kxe7 21. Qh4+ Ke8 22. Qxh7 Ke7 23. Qh4+ g5 24. Qg3 Qe4 25. Qa3+ Ke8 26. Qxa7 Kf8 27. Qxb6 Qxe5 28. Qd6+ Qxd6 29. Rxd6 1-0

[Event "Early-Titled-Tuesday-Blitz-October-03-2023"]
[Site "Chess.com"]
[Date "2023.10.03"]
[Round "3"]
[White "Flaccidmoves"]
[Black "Kildepiotr"]
[Result "1-0"]
[WhiteElo "2468"]
[BlackElo "2634"]
[TimeControl "180+1"]
[EndTime "8:26:45 PDT"]
[Termination "Flaccidmoves won by resignation"]

1. d4 c5 2. d5 e5 3. Nc3 d6 4. e4 Be7 5. Bb5+ Nd7 6. a4 Bg5 7. Nf3 Bxc1 8. Qxc1 Ne7 9. a5 a6 10. Bd3 O-O 11. O-O h6 12. Nd2 f5 13. exf5 Nf6 14.
Qb1 Nxf5 15. Nc4 Nd4 16. Nb6 Rb8 17. Ne4 Bf5 18. c3 Bxe4 19. Bxe4 Ne2+ 20. Kh1 Nf4 21. g3 Nh3 22. Bf5 Ng5 23. f4 exf4 24. gxf4 Nf7 25. Rg1 Nh5 26. Nd7 Qh4 27. Nxb8 Rxb8 28. Qe4 Kh8 29. Rae1 Nxf4 30. Qe8+ 1-0

[Event "Early-Titled-Tuesday-Blitz-October-03-2023"]
[Site "Chess.com"]
[Date "2023.10.03"]
[Round "3"]
[White "Kielinkei"]
[Black "Galileo22"]
[Result "0-1"]
[WhiteElo "2467"]
[BlackElo "2665"]
[TimeControl "180+1"]
[EndTime "8:26:46 PDT"]
[Termination "Galileo22 won by resignation"]

1. Nf3 Nf6 2. c4 g6 3. g3 Bg7 4.
Bg2 O-O 5. O-O d6 6. d3 c5 7. Nc3 Nc6 8. e4 Bg4 9. h3 Bxf3 10. Bxf3 Ne8 11. Be3 Nc7 12. Qd2 Ne6 13. Bg2 Ned4 14. f4 a6 15. Ne2 Nxe2+ 16. Qxe2 Bd4 17. f5 Kh8 18. g4 g5 19. h4 h6 20. hxg5 hxg5 21. Rf3 Kg7 22. Rh3 Rh8 23. Bxd4+ Nxd4 24. Qd2 Kf6 25. Rxh8 Qxh8 26. e5+ dxe5 27. Bxb7 Rb8 28. Bg2 Qh4 0-1

[Event "Early-Titled-Tuesday-Blitz-October-03-2023"]
[Site "Chess.com"]
[Date "2023.10.03"]
[Round "3"]
[White "NovozhilovSemen"]
[Black "Kotofeyca"]
[Result "1-0"]
[WhiteElo "2589"]
[BlackElo "2384"]
[TimeControl "180+1"]
[EndTime "8:26:54 PDT"]
[Termination "NovozhilovSemen won by resignation"]

1. d4 d5 2. c4 c6 3. cxd5 cxd5 4. Bg5 h6 5. Bh4 Qb6 6. Qd2 Bf5 7. Nc3 e6 8. e3 Nc6 9. Nf3 Be7 10. Bxe7 Ngxe7 11. Be2 O-O 12. O-O Rfc8 13. Rfc1 Na5 14. b3 Qb4 15. Bd3 Nac6 16. a3 Qd6 17. b4 Bxd3 18.
Qxd3 Qd8 19. Rc2 Nf5 20. Rac1 Nd6 21. Nd2 b5 22. Nxb5 Ne7 23. Nxd6 Qxd6 24. Rc5 Rc6 25. Rxc6 Nxc6 26. Qa6 Nxd4 27. Qxd6 Ne2+ 28. Kf1 Nxc1 29.
Qc6 Rb8 30. Qxc1 1-0

[Event "Early-Titled-Tuesday-Blitz-October-03-2023"]
[Site "Chess.com"]
[Date "2023.10.03"]
[Round "3"]
[White "sofaceindisguise"]
[Black "grandemestregringo"]
[Result "1-0"]
[WhiteElo "2782"]
[BlackElo "2541"]
[TimeControl "180+1"]
[EndTime "8:26:56 PDT"]
[Termination "sofaceindisguise won by resignation"]

1. d4 f5 2. g3 Nf6 3. Bg2 g6 4. Nh3 Bg7 5. O-O O-O 6. Nf4 e6 7. c4 d6 8. Qb3 Nc6 9. Rd1 Qe8 10. d5 exd5 11. cxd5 Ne5 12. Nc3 g5 13. Ne6 f4 14.
Nb5 Qh5 15. gxf4 gxf4 16. Bxf4 Nfg4 17. Nxf8 Bxf8 18. Nxc7 Rb8 19. Ne6 Bh6 20. Qg3 Bxe6 21. Bxh6 Bf5 22. Bf4 Kh8 23. h3 Nf6 24. Bxe5 dxe5 25.
Qxe5 Qg6 26. Qxb8+ 1-0

[Event "Early-Titled-Tuesday-Blitz-October-03-2023"]
[Site "Chess.com"]
[Date "2023.10.03"]
[Round "3"]
[White "ivana_999"]
[Black "SashaKuzhilniy"]
[Result "1-0"]
[WhiteElo "2056"]
[BlackElo "2610"]
[TimeControl "180+1"]
[EndTime "8:26:58 PDT"]
[Termination "ivana_999 won by resignation"]

1. d4 g6 2. c4 Bg7 3. Nc3 d6 4. e4 Nf6 5. f4 O-O 6. Nf3 c5 7. d5 e6 8. Be2 exd5 9. cxd5 Re8 10. e5 dxe5 11. fxe5 Ng4 12. e6 fxe6 13. d6 Qb6 14.
h3 Ne5 15. O-O Bd7 16. Ne4 c4+ 17. Kh1 Nd3 18. Bxd3 cxd3 19. Nfg5 Qd4 20. Qf3 Rf8 21.
Qxf8+ Bxf8 22. Nf6+ Kh8 23. Nf7+ Kg7 24. Bh6+ Kxf7 25.
Nd5+ 1-0

[Event "Early-Titled-Tuesday-Blitz-October-03-2023"]
[Site "Chess.com"]
[Date "2023.10.03"]
[Round "3"]
[White "Real_taiatai"]
[Black "chito89"]
[Result "0-1"]
[WhiteElo "2562"]
[BlackElo "2810"]
[TimeControl "180+1"]
[EndTime "8:27:07 PDT"]
[Termination "chito89 won by resignation"]

1. d4 Nf6 2. Nf3 d6 3. Nc3 Nbd7 4. e4 e5 5. Bc4 Be7 6. O-O O-O 7. Re1 a6 8. a4 b6 9. b3 Bb7 10. Ba3 c6 11. Bf1 b5 12. Qe2 exd4 13. axb5 dxc3 14. bxc6 Bxc6 15. Qc4 Rc8 16. Qxa6 Bxe4 17. Bxd6 Bxd6 18. Qxd6 Bxc2 19. Bc4 Nb6 20. Qb4 Nxc4 21. bxc4 Bd3 22. Qxc3 Bxc4 23. Rad1 Be6 24. Qe5 Qc7 25. Qe3 h6 26. h3 Rfe8 27. Qa3 Bd5 28. Rc1 Qf4 29. Rxc8 Rxc8 30. Ne5 Ne4 31. Qa7 Qxe5 0-1

[Event "Early-Titled-Tuesday-Blitz-October-03-2023"]
[Site "Chess.com"]
[Date "2023.10.03"]
[Round "3"]
[White "shimastream"]
[Black "Roman_Ovetchkin"]
[Result "1-0"]
[WhiteElo "2964"]
[BlackElo "2700"]
[TimeControl "180+1"]
[EndTime "8:27:08 PDT"]
[Termination "shimastream won by resignation"]

1. d4 Nf6 2. Bg5 Ne4 3. Bf4 c5 4. f3 Qa5+ 5. c3 Nf6 6. Nd2 cxd4 7. Nb3 Qd8 8. cxd4 e6 9. e4 Nc6 10. Ne2 Bb4+ 11. Nc3 d5 12. e5 Nd7 13. Bd3 f6 14. exf6 Qxf6 15. Be3 a6 16. O-O O-O 17. f4 g6 18. Kh1 Bd6 19. Nd2 Nxd4 20. Nde4 dxe4 21. Nxe4 Qe7 22. Bxd4 Bb8 23. Bc4 b5 24. Bb3 Bb7 25. Ng5 Bd5 26. Bxd5 exd5 27. Bc3 Qd6 28. Qd4 Nf6 29.
Bb4 Ba7 30. Bxd6 Bxd4 31. Bxf8 Rxf8 32. Ne6 1-0

[Event "Early-Titled-Tuesday-Blitz-October-03-2023"]
[Site "Chess.com"]
[Date "2023.10.03"]
[Round "3"]
[White "Itk04"]
[Black "falzehope0"]
[Result "0-1"]
[WhiteElo "2745"]
[BlackElo "2379"]
[TimeControl "180+1"]
[EndTime "8:27:10 PDT"]
[Termination "falzehope0 won by resignation"]

1. d4 e6 2. Nf3 d5 3. c4 c6 4. Nbd2 f5 5. g3 Bd6 6. Bg2 Nf6 7. O-O f4 8. Re1 fxg3 9. hxg3 O-O 10. e4 Ng4 11. c5 Be7 12. Bh3 e5 13. exd5 Nxf2 14. Kxf2 Bxh3 15. d6 Bg5 16. Rh1 Bg4 17. Qb3+ Kh8 18.
Kg2 Bxd2 19. Nxe5 Qg5 20. Bxd2 Qxd2+ 0-1

[Event "Early-Titled-Tuesday-Blitz-October-03-2023"]
[Site "Chess.com"]
[Date "2023.10.03"]
[Round "3"]
[White "TERMINATOR_PC"]
[Black "Magila31"]
[Result "1-0"]
[WhiteElo "2611"]
[BlackElo "2406"]
[TimeControl "180+1"]
[EndTime "8:27:16 PDT"]
[Termination "TERMINATOR_PC won by checkmate"]

1. e4 g6 2. d4 Bg7 3. Nc3 d6 4.
Be3 a6 5. Qd2 Nd7 6. h4 Ngf6 7. f3 b5 8. g4 h5 9. g5 Ng8 10.
O-O-O e6 11. f4 Ne7 12. Bd3 Bb7 13. Kb1 c5 14. dxc5 Nxc5 15. a3 O-O 16. Nge2 Qc7 17. Rhf1 Rac8 18. f5 Nxd3 19. Qxd3 exf5 20. exf5 Nxf5 21.
Rxf5 gxf5 22. Bd4 Be4 23. Qd2 d5 24. Bxg7 Kxg7 25. Nf4 Rh8 26. Qd4+ Kg8 27. Nfxd5 Bxd5 28. Nxd5 Qxc2+ 29. Ka1 Kh7 30. Nf6+ Kg6 31. Nd7 Rhe8 32. Qf6+ Kh7 33. Qh6+ Kg8 34. Nf6# 1-0

[Event "Early-Titled-Tuesday-Blitz-October-03-2023"]
[Site "Chess.com"]
[Date "2023.10.03"]
[Round "3"]
[White "ajedrezhoy"]
[Black "swayamsm"]
[Result "0-1"]
[WhiteElo "2368"]
[BlackElo "2589"]
[TimeControl "180+1"]
[EndTime "8:27:18 PDT"]
[Termination "swayamsm won by resignation"]

1. c4 e6 2. Nf3 f5 3. g3 Nf6 4. Bg2 b6 5. O-O Bb7 6. d3 Be7 7. Nc3 O-O 8. Rb1 a5 9. b3 Qe8 10.
e3 Na6 11. a3 Rb8 12. Bb2 Qh5 13. Nd4 Qh6 14. Bc1 Ng4 15. h3 Nf6 16. e4 Qg6 17. e5 Nh5 18. Kh2 Bxg2 19. Kxg2 f4 20. g4 f3+ 21.
Nxf3 Nf4+ 22. Bxf4 Rxf4 23. Ne2 Rf7 24. Ng3 Rbf8 25.
Nh2 Bxa3 26. d4 Be7 27. Qe2 Bh4 28. Qe4 Rxf2+ 29. Rxf2 Rxf2+ 30. Kg1 Bxg3 31. Qxg6 hxg6 32. Nf1 Bh4 0-1

[Event "Early-Titled-Tuesday-Blitz-October-03-2023"]
[Site "Chess.com"]
[Date "2023.10.03"]
[Round "3"]
[White "Hikaru"]
[Black "GaiozNigalidze"]
[Result "1-0"]
[WhiteElo "3266"]
[BlackElo "2750"]
[TimeControl "180+1"]
[EndTime "8:27:21 PDT"]
[Termination "Hikaru won by resignation"]

1. Nf3 d5 2. e3 Nf6 3. c4 e6 4. b3 b6 5. Bb2 Bb7 6. cxd5 exd5 7. d4 Be7 8. Bd3 Nbd7 9. Nc3 a6 10. O-O Nf8 11. b4 Ng6 12. Qb3 O-O 13. a4 Bd6 14. b5 a5 15. Ba3 Re8 16. Bxd6 Qxd6 17. Rac1 Re7 18. Rc2 Ng4 19. h3 Nf6 20. Rfc1 Rae8 21.
Ne2 Nf8 22. Ne5 Ne6 23. Ng3 g6 24. f4 Ng7 25. Rc3 Nfh5 26. Nf1 f5 27. Be2 Nf6 28.
Bf3 Ne4 29. Bxe4 fxe4 30. g4 Kf8 31. Ng3 Ne6 32. Rf1 Ng7 33. Rc2 Kg8 34. Nxe4 Qe6 35. Ng3 Rf8 36. Rg2 Kh8 37. Qc2 Qf6 38. g5 Qe6 39. h4 Bc8 40. h5 c5 41. bxc6 Qh3 42.
hxg6 Rxe5 43. dxe5 Rxf4 44. Rxf4 Qh1+ 45. Kxh1 1-0

[Event "Early-Titled-Tuesday-Blitz-October-03-2023"]
[Site "Chess.com"]
[Date "2023.10.03"]
[Round "3"]
[White "AsaHoffmann"]
[Black "Oleksandr_Bortnyk"]
[Result "0-1"]
[WhiteElo "2373"]
[BlackElo "3001"]
[TimeControl "180+1"]
[EndTime "8:27:22 PDT"]
[Termination "Oleksandr_Bortnyk won by resignation"]

1. d4 d6 2. e4 Nf6 3. f3 g6 4. Be3 Bg7 5. Qd2 a6 6. Nc3 b5 7. a4 b4 8. Nd1 Nc6 9. d5 Ne5 10. Qxb4 e6 11. dxe6 Bxe6 12. Qd2 O-O 13. b3 d5 14. Bf4 Nh5 15. exd5 Bxd5 16. Be3 Nxf3+ 17. Nxf3 Bxa1 18. Bd3 Bxf3 19. gxf3 Re8 20. O-O Bd4 21. Re1 Qg5+ 22. Kh1 Bxe3 23. Rxe3 Nf4 24. Be4 Rad8 25. Bd3 Rxe3 26. Nxe3 Nh3 27. Qg2 Qxg2+ 28. Kxg2 Nf4+ 29. Kf2 Nxd3+ 30. cxd3 Rxd3 31. b4 Rd4 32. b5 Rxa4 33. bxa6 Rxa6 0-1

[Event "Early-Titled-Tuesday-Blitz-October-03-2023"]
[Site "Chess.com"]
[Date "2023.10.03"]
[Round "3"]
[White "zimmm36"]
[Black "Giorno"]
[Result "0-1"]
[WhiteElo "2757"]
[BlackElo "2510"]
[TimeControl "180+1"]
[EndTime "8:27:23 PDT"]
[Termination "Giorno won by resignation"]

1. c4 e5 2. g3 d5 3. cxd5 Qxd5 4. Nf3 Nc6 5. Nc3 Qd8 6. Bg2 Nf6 7.
O-O Bd6 8. a3 O-O 9. b4 Nd4 10.
Bb2 Nxf3+ 11. Bxf3 c6 12. d4 Qe7 13. Bg2 exd4 14.
Qxd4 Be5 15. Qh4 Re8 16. Rad1 a5 17. Rfe1 axb4 18. axb4 Be6 19. e4 Qxb4 20. Rb1 Bxc3 21. Bxc3 Qxc3 22. e5 Nd5 23. Be4 g6 24. Qh6 Qxe5 25.
Rbd1 Nc3 26. Bxc6 Ne2+ 0-1

[Event "Early-Titled-Tuesday-Blitz-October-03-2023"]
[Site "Chess.com"]
[Date "2023.10.03"]
[Round "3"]
[White "Freefresh"]
[Black "Chessdreamer2020"]
[Result "1-0"]
[WhiteElo "2795"]
[BlackElo "2547"]
[TimeControl "180+1"]
[EndTime "8:27:25 PDT"]
[Termination "Freefresh won by resignation"]

1. d4 d6 2. e4 Nf6 3. f3 d5 4. e5 Nfd7 5. f4 c5 6. Nf3 Nc6 7. c3 Nb6 8. Be3 cxd4 9. cxd4 Bf5 10. Nc3 e6 11. Be2 Be7 12. O-O O-O 13. h3 Rc8 14. g4 Be4 15. Nd2 f5 16. exf6 Bxf6 17. Ndxe4 dxe4 18. Nxe4 Bxd4 19. Bxd4 Qxd4+ 20. Qxd4 Nxd4 21.
Bd3 Nd5 22. f5 exf5 23. Nd6 Rc6 24. Nxf5 Nxf5 25. Bxf5 Ne3 26. Bxh7+ Kxh7 27. Rxf8 Rc2 28. Rf2 Rc4 29. Re1 Nd5 30. Re5 Nf4 31. Re3 b5 32.
Kh2 a6 33. Ref3 g5 34. h4 Kg6 35. hxg5 Kxg5 36. Kg3 Ng6 37. Rf5+ Kh6 38. g5+ Kg7 39. Rf7+ Kg8 40. Ra7 Rc5 41. Kg4 Rc4+ 42. Kf5 Nh4+ 43. Ke6 Re4+ 44. Kd5 Rg4 45. Rxa6 Rxg5+ 46. Kc6 Ng6 47.
Kb6 Ne5 48. b3 b4 49. Ra7 Rg6+ 1-0

[Event "Early-Titled-Tuesday-Blitz-October-03-2023"]
[Site "Chess.com"]
[Date "2023.10.03"]
[Round "3"]
[White "FairChess_on_YouTube"]
[Black "vasblesk"]
[Result "1-0"]
[WhiteElo "3078"]
[BlackElo "2721"]
[TimeControl "180+1"]
[EndTime "8:27:27 PDT"]
[Termination "FairChess_on_YouTube won by resignation"]

1. Nf3 d5 2. g3 g6 3. c4 d4 4. Bg2 Bg7 5. d3 e5 6. O-O Ne7 7. b4 a5 8. b5 c5 9. bxc6 Nbxc6 10. Nbd2 O-O 11. Ba3 f5 12. Rb1 Qc7 13. Rb5 Be6 14.
Ng5 Bd7 15. Bxe7 Nxe7 16. Rxb7 Qc8 17. Qb3 a4 18. Qb4 Bf6 19. h4 h6 20. Qd6 hxg5 21. Qxd7 gxh4 22. gxh4 Qxd7 23. Rxd7 Rad8 24. Ra7 Bxh4 25.
Nf3 Bf6 26. Nxe5 Bxe5 27. Rxe7 Bd6 28. Bd5+ Kh8 29. Ra7 Rde8 30. Kg2 Re7 31. Ra6 Rd8 32. Rb1 Rxe2 33. Rbb6 Be5 34. Rxg6 Rd7 35. Kf3 Rxa2 36. Rae6 Bg7 37. Rg5 Bf8 38. Re8 1-0

[Event "Early-Titled-Tuesday-Blitz-October-03-2023"]
[Site "Chess.com"]
[Date "2023.10.03"]
[Round "3"]
[White "Markov_Mikhail"]
[Black "sergoy"]
[Result "0-1"]
[WhiteElo "2709"]
[BlackElo "3029"]
[TimeControl "180+1"]
[EndTime "8:27:28 PDT"]
[Termination "sergoy won by resignation"]

1. c4 c6 2. Nf3 d5 3. e3 Nf6 4. Nc3 Nbd7 5. d4 e6 6. Bd3 dxc4 7. Bxc4 b5 8. Bd3 Bd6 9. e4 e5 10. dxe5 Nxe5 11. Nxe5 Bxe5 12. O-O O-O 13. f4 Bd4+ 14. Kh1 Ng4 15. h3 Nf2+ 16. Rxf2 Bxf2 17. Qe2 Qh4 18. Qf3 Bd4 19. Ne2 Qe1+ 20. Kh2 Bb6 21. Rb1 Qf2 22. Qxf2 Bxf2 23. e5 Be6 24. Be4 Bxa2 25. Ra1 Bd5 26. Bxd5 cxd5 27. Bd2 a5 28. Bxa5 Bb6 29. b4 Rfc8 30.
Rd1 Bxa5 31. bxa5 Rxa5 32. Rxd5 Ra2 33. Nc3 Rf2 34. Nxb5 Rxf4 35. Nd4 h6 36. Kg3 Re4 37.
Nf3 Re2 38. Nh4 Rc3+ 39. Nf3 Rcc2 40. Rd8+ Kh7 41. Rd7 Rxg2+ 42. Kf4 Rc4+ 43. Ke3 Rc3+ 44. Ke4 Re2+ 0-1

[Event "Early-Titled-Tuesday-Blitz-October-03-2023"]
[Site "Chess.com"]
[Date "2023.10.03"]
[Round "3"]
[White "LikeWater"]
[Black "esrosenberg"]
[Result "1-0"]
[WhiteElo "2572"]
[BlackElo "2369"]
[TimeControl "180+1"]
[EndTime "8:27:29 PDT"]
[Termination "LikeWater won by resignation"]

1. Nf3 d5 2. g3 Nd7 3. c4 dxc4 4.
Bg2 Nb6 5. O-O Nf6 6. a4 a5 7. b3 cxb3 8. Qxb3 Be6 9. Qc2 c6 10.
d4 g6 11. e4 Bg7 12. Nbd2 O-O 13. Re1 Bg4 14. Rb1 Bxf3 15. Nxf3 Nfd7 16. Bf4 Rc8 17. h4 h6 18. Bh3 e6 19. Bd6 Re8 20. e5 Nb8 21. Nd2 Na6 22. Ne4 Nb4 23. Bxb4 axb4 24.
Nd6 Ra8 25. Rxb4 Re7 26. Reb1 Nd5 27. Rxb7 Rxb7 28. Rxb7 Bf8 29. Nxf7 Qa5 30. Qxg6+ 1-0

[Event "Early-Titled-Tuesday-Blitz-October-03-2023"]
[Site "Chess.com"]
[Date "2023.10.03"]
[Round "3"]
[White "LeRoidesChampions"]
[Black "fabianvivasz"]
[Result "0-1"]
[WhiteElo "2609"]
[BlackElo "2447"]
[TimeControl "180+1"]
[EndTime "8:27:30 PDT"]
[Termination "fabianvivasz won by resignation"]

1. g3 d5 2. Bg2 c6 3. c4 dxc4 4.
Qc2 Be6 5. Nf3 Nf6 6. Ng5 Bd5 7. e4 h6 8. exd5 hxg5 9. dxc6 Nxc6 10. Qxc4 Rc8 11. O-O e6 12. d4 Nxd4 13. Qa4+ b5 14. Qxa7 Ne2+ 15. Kh1 Ng4 16. h3 Bc5 17. Qb7 Nxf2+ 18.
Rxf2 Bxf2 19. Qxb5+ Kf8 20. Nc3 Nxg3+ 21. Kh2 Qd6 22. Bf3 Nf5+ 23. Kg2 Qg3+ 24. Kf1 Qg1+ 25. Ke2 Nd4+ 26. Kd3 Nxb5 27. Nxb5 Qf1+ 28. Be2 Rxh3+ 29.
Kd2 Be3+ 0-1

[Event "Early-Titled-Tuesday-Blitz-October-03-2023"]
[Site "Chess.com"]
[Date "2023.10.03"]
[Round "3"]
[White "Xqswdc"]
[Black "Antik5"]
[Result "0-1"]
[WhiteElo "2304"]
[BlackElo "2501"]
[TimeControl "180+1"]
[EndTime "8:27:30 PDT"]
[Termination "Antik5 won by resignation"]

1. e4 c5 2. Nf3 d6 3. b3 e5 4. Bb2 Nf6 5. Nc3 Nc6 6. Bc4 Be7 7. h3 O-O 8. O-O h6 9. Re1 a6 10. a4 Re8 11. Nd5 Bf8 12. Bc3 Be6 13. Nxf6+ Qxf6 14. Bxe6 fxe6 15. d3 b5 16. Qe2 b4 17. Bb2 Nd4 18. Nxd4 cxd4 19. a5 Rec8 20. Ra4 Rab8 21. Qd2 d5 22. Bc1 Bd6 23. Qd1 Rb5 24. exd5 exd5 25. Qg4 Rxc2 26. Rf1 Rbc5 27. Ra1 Kh7 28. h4 Qg6 29. Qh3 R5c3 30. Rd1 e4 31. h5 Qf6 32. Rf1 Rxd3 33. Qd7 Qe5 0-1

[Event "Early-Titled-Tuesday-Blitz-October-03-2023"]
[Site "Chess.com"]
[Date "2023.10.03"]
[Round "3"]
[White "Carolina-moon"]
[Black "rikchessmx"]
[Result "0-1"]
[WhiteElo "2113"]
[BlackElo "2349"]
[TimeControl "180+1"]
[EndTime "8:27:32 PDT"]
[Termination "rikchessmx won by resignation"]

1. e4 c5 2. Nc3 e6 3. g3 d5 4. Bg2 d4 5. Na4 e5 6. c4 Nf6 7. d3 Bd7 8. b3 Nc6 9. Ne2 a6 10. O-O b5 11. Nb2 h6 12. f4 Bd6 13.
fxe5 Nxe5 14. Bf4 O-O 15. Qd2 Qe7 16. Rac1 g5 17. Bxe5 Qxe5 18. Nd1 bxc4 19. bxc4 Rab8 20. Nf2 Rb4 21. Rc2 Rfb8 22. Rfc1 a5 23. g4 Qxh2+ 24.
Kf1 Nxg4 25. Nxg4 Bxg4 26. e5 Bxe5 27. Ng1 Bf4 28. Qf2 Bxc1 29. Rxc1 Rb1 30. Ne2 Bxe2+ 0-1

[Event "Early-Titled-Tuesday-Blitz-October-03-2023"]
[Site "Chess.com"]
[Date "2023.10.03"]
[Round "3"]
[White "hellokostya"]
[Black "InitiatingASC"]
[Result "1-0"]
[WhiteElo "2540"]
[BlackElo "2335"]
[TimeControl "180+1"]
[EndTime "8:27:34 PDT"]
[Termination "hellokostya won by resignation"]

1. Nf3 Nf6 2. c4 c5 3. b3 g6 4. Bb2 Bg7 5. g3 d6 6. Bg2 O-O 7.
d4 cxd4 8. Nxd4 a6 9. Nc3 Qc7 10. O-O Nc6 11. Rc1 Nxd4 12. Qxd4 Nd7 13. Qd2 Nc5 14. Nd5 Qd8 15. Bxg7 Kxg7 16. Qb2+ f6 17.
b4 Ne6 18. Rfd1 Bd7 19. c5 dxc5 20. bxc5 Qe8 21. Qxb7 Bc6 22. Qxe7+ Qxe7 23. Nxe7 Bxg2 24. Kxg2 Ra7 25. Nd5 Rc8 26. c6 f5 27. Rc4 Kf7 28. c7 Nxc7 29. Rdc1 Nxd5 30. Rxc8 Ke6 31. e3 Nb4 32. a3 Nd5 33. h4 Ke7 34. Rh8 Kd6 35. Rd1 Kc6 36. Rc8+ Nc7 37. Rdd8 Rb7 38. Rb8 1-0

[Event "Early-Titled-Tuesday-Blitz-October-03-2023"]
[Site "Chess.com"]
[Date "2023.10.03"]
[Round "3"]
[White "ContrVersia"]
[Black "viktorskliarov"]
[Result "1-0"]
[WhiteElo "2898"]
[BlackElo "2656"]
[TimeControl "180+1"]
[EndTime "8:27:35 PDT"]
[Termination "ContrVersia won by resignation"]

1. Nf3 g6 2. c4 Bg7 3. d4 Nf6 4. g3 O-O 5. Bg2 d6 6. O-O Nbd7 7. Nc3 c6 8. e4 e5 9. h3 Qc7 10. Re1 a6 11. Be3 b5 12. c5 dxc5 13. dxe5 Nxe5 14.
Nxe5 Qxe5 15. f4 Qc7 16. Bxc5 Rd8 17. Qf3 Be6 18. e5 Nd5 19. Ne4 h5 20. Rac1 Bf8 21.
Bxf8 Rxf8 22. a3 a5 23. Qf2 Kg7 24. Ng5 Qd7 25. Red1 Rfd8 26. Qc5 Ra6 27. Ne4 Bxh3 28. Nf6 Nxf6 29. exf6+ 1-0

[Event "Early-Titled-Tuesday-Blitz-October-03-2023"]
[Site "Chess.com"]
[Date "2023.10.03"]
[Round "3"]
[White "Balla_Tamas"]
[Black "ariosp"]
[Result "1-0"]
[WhiteElo "2442"]
[BlackElo "2223"]
[TimeControl "180+1"]
[EndTime "8:27:35 PDT"]
[Termination "Balla_Tamas won on time"]

1. e4 e5 2. Nf3 Nc6 3. d4 exd4 4.
Nxd4 Bc5 5. Nb3 Bb6 6. Nc3 Nge7 7. Qe2 O-O 8. Be3 f5 9. f3 fxe4 10. fxe4 Ne5 11. O-O-O d6 12. h3 Be6 13. Kb1 Kh8 14. Nd4 Bg8 15. Qh5 Qe8 16. Qh4 N7g6 17. Qg3 a5 18.
Be2 a4 19. a3 Ra5 20. Rhf1 Rxf1 21. Rxf1 c6 22. Nf5 Bxe3 23. Qxe3 Qd8 24. g3 b5 25. h4 Ne7 26. Nxg7 Kxg7 27. Qg5+ N5g6 28. h5 1-0

[Event "Early-Titled-Tuesday-Blitz-October-03-2023"]
[Site "Chess.com"]
[Date "2023.10.03"]
[Round "3"]
[White "Malysch"]
[Black "OchsenfroschGambit"]
[Result "1-0"]
[WhiteElo "2612"]
[BlackElo "2382"]
[TimeControl "180+1"]
[EndTime "8:27:36 PDT"]
[Termination "Malysch won by checkmate"]

1. d4 Nf6 2. c4 c5 3. d5 b5 4. cxb5 a6 5. bxa6 g6 6. Nc3 Bg7 7. Nf3 O-O 8. a7 Rxa7 9. e4 e6 10. Be2 exd5 11. exd5 d6 12. O-O Na6 13. Bf4 Nc7 14.
h3 Rb7 15. Qd2 Nfxd5 16. Nxd5 Rxb2 17. Qd1 Nxd5 18. Qxd5 Rxe2 19. Rad1 Be6 20. Qxd6 Qxd6 21. Bxd6 Rc8 22. a3 Ra2 23. Rc1 c4 24. Ng5 Bf5 25. Rfe1 Bb2 26. Rxc4 Rxc4 27. Re8+ Kg7 28. Bf8+ Kf6 29.
Nxh7# 1-0

[Event "Early-Titled-Tuesday-Blitz-October-03-2023"]
[Site "Chess.com"]
[Date "2023.10.03"]
[Round "3"]
[White "profedechess93"]
[Black "Biregina"]
[Result "1-0"]
[WhiteElo "2656"]
[BlackElo "2463"]
[TimeControl "180+1"]
[EndTime "8:27:42 PDT"]
[Termination "profedechess93 won by checkmate"]

1. e4 e5 2. Nf3 Nc6 3. Bc4 Nf6 4. d3 Bc5 5. c3 d6 6. Bb3 a6 7. Qe2 Ba7 8. Nbd2 h6 9. Nf1 Ne7 10.
Ng3 Ng6 11. h3 O-O 12. Nh2 Nf4 13. Qf3 d5 14. Ng4 dxe4 15. Nxf6+ Qxf6 16. Nxe4 Qg6 17. Bxf4 exf4 18. Qxf4 Be6 19. O-O-O Bxb3 20. axb3 f5 21. Ng3 Qb6 22. Qc4+ Kh8 23. Rhf1 Rae8 24. d4 f4 25. Ne2 Re6 26. Ng1 Rfe8 27. Nf3 Qa5 28. Ne5 b5 29. Qd5 c5 30. Rfe1 cxd4 31. Nf7+ Kh7 32.
Rxe6 Rxe6 33. Qxe6 dxc3 34. Qf5+ g6 35. Ng5+ hxg5 36. Rd7+ Kh6 37. Qf8+ Kh5 38. Rh7# 1-0

[Event "Early-Titled-Tuesday-Blitz-October-03-2023"]
[Site "Chess.com"]
[Date "2023.10.03"]
[Round "3"]
[White "DanielTitichoca"]
[Black "UNSTOPPABLE_LEGEND"]
[Result "0-1"]
[WhiteElo "2605"]
[BlackElo "2445"]
[TimeControl "180+1"]
[EndTime "8:27:42 PDT"]
[Termination "UNSTOPPABLE_LEGEND won by resignation"]

1. e4 c5 2. Nc3 Nc6 3. Nf3 d6 4. d4 cxd4 5. Nxd4 Nf6 6. Bg5 e6 7. Qd2 a6 8. O-O-O Bd7 9. Kb1 Be7 10. f3 Nxd4 11. Qxd4 Qc7 12. h4 b5 13. g4 h5 14.
gxh5 Nxh5 15. Bxe7 Kxe7 16. e5 dxe5 17. Qb4+ Ke8 18. Ne4 a5 19. Nd6+ Kf8 20. Nxb5+ axb4 21. Nxc7 Rd8 22. Na6 Ng3 23. Rg1 Nxf1 24. Rgxf1 Rxh4 25. Nc5 Ke7 26. Rg1 g6 27. Nd3 Kf6 28. Nc5 Rd4 29.
Ne4+ Ke7 30. Rde1 Bc6 31. Nc5 Bxf3 32. Nd3 e4 33. Nxb4 Rxb4 0-1

[Event "Early-Titled-Tuesday-Blitz-October-03-2023"]
[Site "Chess.com"]
[Date "2023.10.03"]
[Round "3"]
[White "parintele_chess"]
[Black "JoliyRoger"]
[Result "0-1"]
[WhiteElo "2253"]
[BlackElo "2497"]
[TimeControl "180+1"]
[EndTime "8:27:42 PDT"]
[Termination "JoliyRoger won on time"]

1. d4 Nf6 2. Bf4 e6 3. Nf3 b6 4. e3 Bb7 5. Be2 Bd6 6. Bxd6 cxd6 7. O-O d5 8. c4 dxc4 9. Bxc4 O-O 10. Nc3 a6 11. h3 b5 12. Bd3 Qb6 13. a3 d6 14. e4 Nbd7 15. Rc1 Rfc8 16. Qe2 e5 17. d5 Nc5 18. Bb1 b4 19. Na2 a5 20. Rc4 bxa3 21.
bxa3 Ba6 22. Rfc1 Bxc4 23. Qxc4 g6 24. Nd2 Kg7 25. Qe2 Nb3 26. Rxc8 Rxc8 27. Nc4 Rxc4 28. Qxc4 Nd2 29. Qc6 Qxb1+ 30. Kh2 Nf1+ 31. Kg1 Nxe4 32.
Qc1 Qxc1 0-1